 Dungeon Crawl Stone Soup version 0.29.0-4-gdea44cf6ec (webtiles) character file.

Game seed: 613611955986509

83 qw the Chopper (level 4, -2/26 HPs)
             Began as a Tengu Warper on Aug 28, 2022.
             Slain by a kobold brigand
             ... wielding a +5 whip
              (4 damage)
             ... in a sewer.
             The game lasted 00:00:11 (3005 turns).

qw the Chopper (Tengu Warper)                       Turns: 3005, Time: 00:00:12

Health: -2/26      AC:  6    Str: 13    XL:     4   Next: 44%
Magic:  8/8        EV: 12    Int: 14    God:
Gold:   78         SH:  0    Dex: 19    Spells: 7/7 levels left

rFire   . . .      SeeInvis .   Y - +0 war axe (elec)
rCold   + . .      Faith    .   (no shield)
rNeg    . . .      Spirit   .   d - +2 leather armour "Ashohowk" {rC+ Dex+6 Stlth+}
rPois   .          Reflect  .   (helmet restricted)
rElec   .          Harm     .   (no cloak)
rCorr   .          Rampage  .   g - +0 pair of gloves
Will    +....                   (boots unavailable)
Stlth   +.........              (no amulet)
HPRegen 0.08/turn               i - ring of willpower
MPRegen 0.11/turn               (no ring)

@: very slow
A: beak, talons 3
a: no special abilities


You were in a sewer.
You visited 1 branch of the dungeon, and saw 3 of its levels.
You also visited: Sewer.

You collected 78 gold pieces.


Innate Abilities, Weirdness & Mutations

You have a beak for a mouth.
You have claws for feet.


   Skills:
 - Level 2.0 Fighting
 + Level 5.0 Axes
 - Level 1.0 Throwing
 - Level 1.1 Armour
 - Level 2.1 Dodging
 - Level 2.0 Spellcasting
 - Level 2.4 Translocations


You had 7 spell levels left.
You didn't know any spells.
Your spell library contained the following spells:

 Spells                   Type           Power      Damage    Failure   Level
 Blink                    Tloc           16%        N/A       17%         2
 Gell's Gravitas          Tloc           8%         N/A       34%         3
 Lesser Beckoning         Tloc           8%         N/A       34%         3
 Teleport Other           Tloc           8%         N/A       34%         3
 Manifold Assault         Tloc           8%         N/A       97%         5

Inventory:

Hand Weapons
 f - a +0 mace
 Y - a +0 war axe of electrocution (weapon)
Missiles
 b - a boomerang (quivered)
Armour
 d - the +2 leather armour "Ashohowk" (worn) {rC+ Dex+6 Stlth+}
   (You found it on level 2 of the Dungeon)

   Dex:       It affects your dexterity (+6).
   rC:        It protects you from cold.
   Stlth:     It makes you more stealthy.
 g - a +0 pair of gloves (worn)
Jewellery
 i - a ring of willpower (left hand)
Potions
 c - a potion of haste
 e - a potion of berserk rage {unknown}
 h - a potion of lignification {unknown}
 j - a potion of flight {unknown}
 l - a potion of attraction {unknown}
 m - a potion of curing {unknown}

Dungeon Overview and Level Annotations

Branches:
Dungeon (3/15)              Sewer (1/1)

Altars:
Elyvilon
Kikubaaqudgha
The Shining One

Shops:
D:1 [


Message History

Moving in this stuff is going to be slow.
You enter the shallow water.
Moving in this stuff is going to be slow. 2 kobold brigands come into view.
A kobold brigand is wielding a +5 whip and quivering curare-tipped darts.
A kobold brigand is wielding a +0 short sword and quivering poisoned darts.
The kobold brigand shouts!
The kobold brigand shouts!
Your unstable footing causes you to fumble your attack.
The kobold brigand splashes around in the water. x2
Your unstable footing causes you to fumble your attack.
The kobold brigand hits you with a +0 short sword.
The kobold brigand closely misses you.
You hit the kobold brigand.
Lightning courses through the kobold brigand!
Your kick misses the kobold brigand.
The kobold brigand is heavily wounded.
You hit the kobold brigand.
The kobold brigand hits you but does no damage.
The kobold brigand splashes around in the water.
The kobold brigand hits you with a +0 short sword.
The kobold brigand hits you with a +5 whip!
Your unstable footing causes you to fumble your attack.
The kobold brigand splashes around in the water.
The kobold brigand closely misses you.
Your unstable footing causes you to fumble your attack.
The kobold brigand closely misses you.
The kobold brigand hits you with a +5 whip.
You hit the kobold brigand. You peck the kobold brigand.
The kobold brigand is heavily wounded.
You closely miss the kobold brigand.
The kobold brigand hits you with a +0 short sword.
The kobold brigand hits you with a +5 whip.
You hit the kobold brigand but do no damage.
You claw the kobold brigand, but do no damage.
The kobold brigand is heavily wounded.
You hit the kobold brigand. The kobold brigand closely misses you.
The kobold brigand hits you but does no damage.
The kobold brigand hits you with a +5 whip.
You die...

####### #####~K~~.#
~ #######~~~~@# ~~
##.~..~~.###~K~~.#
~# #.~.~~~~~#
#######
~####.~~~~.~~###~~~~
~~##~~..####~.~~~#
.~~.~..## #####~~~~
~~.~.~## ## .~..~~#
~.~~~~#


You could see 2 kobold brigands.

Vanquished Creatures
  4 adders
  3 worms
  4 dart slugs
  An orc (D:3)
  An endoplasm (D:3)
  2 giant cockroaches
  3 hobgoblins
  A kobold (D:2)
  3 ball pythons
  4 bats
  A frilled lizard (D:1)
  4 goblins
31 creatures vanquished.

Notes
Turn   | Place    | Note
-------+----------+-------------------------------------------
     0 | D:1      | qw the Tengu Warper began the quest for the Orb.
     0 | D:1      | Reached XP level 1. HP: 12/12 MP: 4/4
     0 | D:1      | 0 ||| qw: Version: 0.1-a-89-g26bdef1
     0 | D:1      | 0 ||| qw: Game counter: 3418
     0 | D:1      | 0 ||| qw: Always use a shield: true
     0 | D:1      | 0 ||| qw: God list: Okawaru
     0 | D:1      | 0 ||| qw: Allow faded altars: false
     0 | D:1      | 0 ||| qw: Do Orc after D:15 true
     0 | D:1      | 0 ||| qw: Do second Lair branch before Depths: true
     0 | D:1      | 0 ||| qw: Lair rune preference: random
     0 | D:1      | 0 ||| qw: Plans: Normal
     0 | D:1      | 0 ||| PLANNING D:1-11
   369 | D:1      | Reached XP level 2. HP: 6/17 MP: 6/6
   585 | D:1      | Reached skill level 3 in Axes
  1311 | D:1      | Found Epev's Armour Emporium.
  1321 | D:1      | 1321 ||| SHOPLISTING +0 ring mail (52 gold, have 44).
  1321 | D:1      | 1321 ||| SHOPLISTING +2 plate armour of cold resistance
                  | (520 gold, have 44).
  1321 | D:1      | 1321 ||| UPGRADING to +0 pair of gloves.
  1326 | D:1      | 1326 ||| READING scroll labelled QUGIGOA ZOXKUGU.
  1327 | D:1      | 1327 ||| READING scroll labelled ENODA IRRAE.
  1328 | D:1      | 1328 ||| READING scroll labelled FASSEO KOTOEL.
  1329 | D:1      | 1329 ||| READING 3 scrolls labelled IWNEUS CAIBAMO.
  1330 | D:1      | 1330 ||| DROPPING scroll of blinking.
  1331 | D:1      | 1331 ||| Stepping randomly (stuck).
  1332 | D:1      | 1332 ||| Stepping ~*~*~tactically~*~*~ (cloud).
  1693 | D:2      | Identified the +2 leather armour "Ashohowk" {rC+ Dex+6
                  | Stlth+}
  1830 | D:2      | Reached XP level 3. HP: 17/21 MP: 7/7
  1932 | D:2      | Reached skill level 4 in Axes
  1968 | D:2      | Found a white marble altar of Elyvilon.
  2232 | D:2      | 2232 ||| UPGRADING to +2 leather armour "Ashohowk" {rC+
                  | Dex+6 Stlth+}.
  2242 | D:2      | 2242 ||| DROPPING +0 leather armour.
  2243 | D:2      | 2243 ||| UPGRADING to ring of willpower.
  2244 | D:2      | 2244 ||| READING 2 scrolls labelled XEMEAJ DICIP.
  2245 | D:2      | 2245 ||| READING scroll labelled COUTOKHLU PUPROE.
  2249 | D:2      | 2249 ||| DRINKING 2 gluggy blue potions.
  2250 | D:2      | 2250 ||| DROPPING scroll of magic mapping.
  2266 | D:3      | 2266 ||| PLANNING SEWER
  2372 | D:3      | Found a glowing golden altar of the Shining One.
  2373 | D:3      | 2373 ||| Stepping ~*~*~tactically~*~*~ (hiding).
  2442 | D:3      | 2442 ||| Stepping ~*~*~tactically~*~*~ (stealth).
  2443 | D:3      | 2443 ||| Stepping ~*~*~tactically~*~*~ (hiding).
  2460 | D:3      | 2460 ||| Stepping ~*~*~tactically~*~*~ (hiding).
  2562 | D:3      | 2562 ||| Stepping ~*~*~tactically~*~*~ (hiding).
  2686 | D:3      | 2686 ||| SWAPPING to +0 war axe.
  2687 | D:3      | 2687 ||| DROPPING +0 spectral hand axe.
  2688 | D:3      | 2688 ||| READING 2 scrolls of brand weapon.
  2688 | D:3      | 2688 ||| BRANDING +0 war axe.
  2689 | D:3      | 2689 ||| READING scroll of brand weapon.
  2689 | D:3      | 2689 ||| BRANDING +0 vorpal war axe.
  2709 | D:3      | Identified the +11 glaive of Peba {vorpal, Int+6 Dex+2
                  | SInv}
  2743 | D:3      | Found an ancient bone altar of Kikubaaqudgha.
  2814 | D:3      | Found a glowing drain.
  2815 | D:3      | 2815 ||| READING 2 scrolls labelled MATADW KIUJ.
  2816 | D:3      | 2816 ||| DROPPING scroll of immolation.
  2827 | D:3      | Reached XP level 4. HP: 21/26 MP: 8/8
  2834 | D:3      | Reached skill level 5 in Axes
  2971 | Sewer    | Entered a sewer
  2995 | Sewer    | Noticed a kobold brigand
  2995 | Sewer    | Noticed a kobold brigand
  3004 | Sewer    | HP: 2/26 [kobold brigand/+5 whip (5)]
  3005 | Sewer    | Slain by a kobold brigand

Levels and vault maps discovered:
D:1:      dpeg_arrival_fog, layout_basic, serial_shops, nicolae_lakefront_shop
D:2:      layout_rooms, basic_altar
D:3:      cheibrodos_greedy_goblins, layout_basic, tso_metal_star,
          mainiacjoe_overflow_cross_hatched, gup_sewer_entry_glass,
          kennysheep_minor_cross
Sewer:    sewer_co_tree

Skill      XL: |  1  2  3  4 |
---------------+-------------+-----
Axes           | 3 4 5 |  5.0
Fighting       | |  2.0
Throwing       | |  1.0
Armour         | |  1.1
Dodging        | |  2.1
Spellcasting   | |  2.0
Translocations | |  2.4

Action                   |  1- 3 |  4- 6 || total
-------------------------+-------+-------++-------
Melee: Hand axe          |    37 |       ||    37
       Kick              |    10 |     5 ||    15
       Peck              |     6 |     1 ||     7
       War axe           |     8 |    15 ||    23
Throw: Boomerang         |    26 |       ||    26
  Use: Scroll            |     9 |       ||     9
       Potion            |     1 |       ||     1
 Stab: Distracted        |     1 |       ||     1
       Sleeping          |     1 |       ||     1
Armor: Leather armour    |    10 |     7 ||    17
Dodge: Dodged            |    18 |    14 ||    32

Table legend:
 A = Non-vault XP
 B = Vault XP
 C = Vault XP percentage of total XP
 D = Non-vault monster count
 E = Vault monster count
 F = Vault count percentage of total count
                 A         B        C        D         E       F
            +---------+---------+-------+---------+---------+-------
      Total |      79 |      40 |  33.6 |      28 |       3 |   9.7
            +---------+---------+-------+---------+---------+-------
        D:1 |      17 |       0 |   0.0 |       8 |       0 |   0.0
        D:2 |      35 |       0 |   0.0 |      10 |       0 |   0.0
        D:3 |      27 |      40 |  59.7 |      10 |       3 |  23.1
            +---------+---------+-------+---------+---------+-------
